 Dungeon Crawl Stone Soup version 0.27.1-34-g3ba077fa99 (webtiles) character file.

Game seed: 7866820586580695078

9524 KamiKatze the Blocker (level 11, -3/103 HPs)
             Began as a Gargoyle Fighter on Jan 6, 2022.
             Was a Follower of Okawaru.
             Slain by an air elemental (5 damage)
             ... on level 10 of the Dungeon on Jan 7, 2022.
             The game lasted 00:38:05 (11756 turns).

KamiKatze the Blocker (Gargoyle Fighter)           Turns: 11756, Time: 00:38:05

Health: -3/103     AC: 25    Str: 23    XL:     11   Next: 47%
Magic:  11/11      EV:  2    Int:  9    God:    Okawaru [*.....]
Gold:   511        SH:  0    Dex:  9    Spells: 10/10 levels left

rFire    . . .     SeeInvis .   a - +4 war axe
rCold    . . .     Faith    .   c - +0 kite shield
rNeg     + + +     Spirit   .   (armour currently unavailable)
rPois    ∞         Reflect  .   (helmet currently unavailable)
rElec    .         Harm     .   (cloak currently unavailable)
rCorr    .         Rampage  .   (gloves currently unavailable)
Will     .....     NoTele   +   (boots currently unavailable)
Stlth    +.........             (no amulet)
HPRegen  0.27/turn              (no ring)
MPRegen  0.12/turn              (no ring)

@: confused, tree-form, ambrosia-drunk
A: stationary, stasis, torment immunity, boosted hp, sickness immunity, AC +8,
negative energy resistance 1, (electricity resistance), torment resistance 1,
petrification resistance
a: Renounce Religion, Heroism


You were on level 10 of the Dungeon.
You worshipped Okawaru.
Okawaru was aware of your devotion.
You were a tree.
You visited 3 branches of the dungeon, and saw 12 of its levels.

You collected 511 gold pieces.

Inventory:

Hand Weapons
 a - a +4 war axe (weapon)
 j - a +0 morningstar
 A - a +0 broad axe
 B - the +5 dagger of Certain Death {drain, *Rage rPois Dex+3 SInv}
   (You found it on level 8 of the Dungeon)

   A truly terrible weapon, it drains the life of any living foe it strikes.
   Dex:       It affects your dexterity (+3).
   rPois:     It protects you from poison.
   SInv:      It lets you see invisible.
   *Rage:     It may make you go berserk in combat.
Missiles
 e - 98 stones
 f - 15 poisoned darts (quivered)
 g - 2 throwing nets
 K - a curare-tipped dart
Armour
 c - a +0 kite shield (worn)
 d - +0 acid dragon scales
 i - a +2 scale mail of willpower (melded)
 v - a +0 cloak of willpower (melded)
 y - a +0 pair of boots (melded)
 D - a +0 helmet (melded)
 L - a +0 plate armour
Jewellery
 C - an amulet of magic regeneration
 J - a +6 ring of intelligence
Wands
 t - a wand of iceblast (8)
 w - a wand of acid (11)
 z - a wand of polymorph (3)
 E - a wand of paralysis (10)
 H - a wand of flame (20)
Scrolls
 b - 2 scrolls of vulnerability
 k - a scroll of acquirement {unknown}
 l - a scroll of enchant armour {unknown}
 m - a scroll of brand weapon {unknown}
 p - a scroll of noise
 r - 2 scrolls of summoning {unknown}
 s - a scroll of fear {unknown}
 u - a scroll of teleportation {unknown}
 F - a scroll of immolation {unknown}
 I - 2 scrolls of identify
Potions
 h - 2 potions of lignification
 n - 3 potions of attraction
 q - a potion of ambrosia
 x - a potion of resistance {unknown}
 G - a potion of haste
 M - a potion of heal wounds


   Skills:
 + Level 8.5 Fighting
 * Level 9.6 Axes
 + Level 8.5 Armour
 * Level 11.6 Shields


You had 10 spell levels left.
You didn't know any spells.
Your spell library contained the following spells:

 Spells                   Type           Power      Damage    Failure   Level
 Animate Skeleton         Necr           0%         N/A       52%         1
 Apportation              Tloc           0%         N/A       52%         1
 Beastly Appendage        Tmut           0%         N/A       52%         1
 Corona                   Hex            0%         N/A       52%         1
 Sandblast                Erth           0%         2d4       52%         1
 Summon Small Mammal      Summ           0%         N/A       52%         1
 Passwall                 Tmut/Erth      0%         N/A       67%         2
 Wereblood                Tmut           0%         N/A       67%         2
 Spider Form              Tmut/Pois      0%         N/A       88%         3
 Lee's Rapid Deconstruct  Erth           0%         3d5*      100%        5


Dungeon Overview and Level Annotations

Branches:
Dungeon (10/15)            Temple (1/1) D:5            Lair (1/6) D:9
    Orc: D:9-12

Altars:
Ashenzari
Cheibriados
Dithmenos
Elyvilon
Fedhas
Gozag
Hepliaklqana
Kikubaaqudgha
Makhleb
Nemelex Xobeh
Okawaru
Qazlal
Ru
Sif Muna
Trog
Uskayaw
Vehumet
Wu Jian
Xom
Yredelemnul
Zin
The Shining One

Shops:
D:6 *([   D:7 (


Innate Abilities, Weirdness & Mutations

You are a tree.
Your roots penetrate the ground, keeping you stationary.
You cannot be teleported.
You are immune to unholy pain and torment.
Your maximum health is greatly increased.
Your equipment is partially melded.
You are immune to sickness and miasma.
((Your stone body is resilient. (AC +8)))
You are immune to poison.
You resist negative energy. (rN+)
((You are resistant to electric shocks. (rElec)))
You are resistant to unholy torment.
You are immune to petrification.


Message History

As you read the scroll labelled PUIWIEKHUF, it crumbles to dust.
You hear a loud clanging noise!
It was a scroll of noise.
The air elemental is engulfed in blazing flames.
You block the air elemental's attack. You block the fire elemental's attack.
You block the air elemental's attack.
The water elemental is engulfed in blazing flames.
The water elemental is destroyed!
The air elemental hits you!
* * * LOW HITPOINT WARNING * * *
As you read the scroll labelled RECZOI WEMEMIA, it crumbles to dust.
It is a scroll of amnesia.
You feel forgetful for a moment. You block the air elemental's attack.
You block the fire elemental's attack.
The air elemental hits you but does no damage.
The fire elemental hits you. The fire elemental burns you!
* * * LOW HITPOINT WARNING * * *
The air elemental hits you but does no damage.
Unknown command.
You block the air elemental's attack.
Really quaff the potion of lignification?
You turn into a tree.
Your +0 cloak of willpower melds into your body.
Your +0 helmet melds into your body.
Your +0 pair of boots melds into your body.
Your +2 scale mail of willpower melds into your body.
You feel less strong-willed. x2; Your roots penetrate the ground.
The air elemental fires a burst of electricity at you.
The stunning burst hits you!
You suddenly lose the ability to move!
* * * LOW HITPOINT WARNING * * *
The air elemental hits you but does no damage.
The fire elemental hits you. The fire elemental burns you!
* * * LOW HITPOINT WARNING * * *
The air elemental hits you but does no damage.
You can move again.
You are confused.
You feel invigorated. The air elemental hits you.
* * * LOW HITPOINT WARNING * * *
The fire elemental hits you. The air elemental hits you.
You die...

.#..# #######.## #......## ....#
#..# #...#### .#.## ##.# #...# #
...# #.# #.4.# ####
.############# #.# #...# #...
.#......≈°#..###.#######...###.##
.#......≈≈###..#.#...............
.#........###.............K......
.#..$(≈...'.#..E♣................
.#...#≈...'E...E..##.#.#...#.#.##
.#........####°..###.#.#..K#.#...
.##.....≈≈####..####.#.#...#.####
.#(#....≈≈#..........#.#...#.# .#
############.######.#...#.# ##
#.# #.# #.....#.......>.####
####.###.#####.....#.####........
##>............###.#.####...###.#


You could see an earth elemental, a fire elemental and an air elemental.

Vanquished Creatures
  A two-headed ogre (D:9)
  Pikel (D:8)
  A gargoyle (D:10)
  Joseph (D:8)
  A kobold demonologist (D:10)
  A rime drake (D:8)
  Psyche (D:9)
  A shadow (D:10)
  3 basilisks
  3 wyverns
  7 yaks (D:9)
  Grum (D:9)
  Menkaure (D:6)
  An acid dragon (D:10)
  4 water moccasins
  4 orc warriors
  2 sky beasts (D:5)
  A necrophage (D:4)
  3 wolves
  3 centaurs
  3 ogres
  2 phantoms
  3 kobold brigands
  4 bullfrogs
  3 wyvern zombies
  3 scorpions
  4 wights
  8 killer bees
  2 electric eels (D:6)
  5 howler monkeys
  Crazy Yiuf (D:6)
  2 bullfrog zombies (D:5)
  4 orc priests
  A hound (D:4)
  2 jellies
  A bullfrog skeleton (D:7)
  A gnoll shaman (D:8)
  Terence (D:2)
  3 iguanas
  9 orc wizards
  A howler monkey zombie (D:9)
  A mummy (D:5)
  11 adders
  11 gnolls
  2 howler monkey skeletons
  A white imp (D:7)
  A worm (D:3)
  3 dart slugs
  30 orcs
  7 ball pythons
  6 endoplasms
  4 giant cockroaches
  8 goblins
  6 hobgoblins
  8 jackals
  9 kobolds
  2 quokkas
  7 bats
  2 hobgoblin zombies (D:5)
  2 orc zombies (D:5)
  6 rats
231 creatures vanquished.

Vanquished Creatures (others)
  A water elemental (D:10)
  A bush (D:9)
  3 fungi (D:9)
  17 plants (D:9)
22 creatures vanquished.

Grand Total: 253 creatures vanquished

Notes
Turn   | Place    | Note
-------+----------+-------------------------------------------
     0 | D:1      | KamiKatze the Gargoyle Fighter began the quest for the Orb.
     0 | D:1      | Reached XP level 1. HP: 14/14 MP: 1/1
   262 | D:1      | Reached XP level 2. HP: 18/19 MP: 2/2
   370 | D:1      | Reached XP level 3. HP: 22/23 MP: 3/3
   484 | D:2      | Found an opulent altar of Gozag.
   681 | D:2      | Noticed Terence
   708 | D:2      | Killed Terence
   709 | D:2      | Reached skill level 4 in Shields
   709 | D:2      | Reached XP level 4. HP: 10/29 MP: 4/4
  1625 | D:3      | Reached XP level 5. HP: 27/33 MP: 5/5
  2144 | D:3      | Found Pamiy's Assorted Antiques.
  2299 | D:4      | Reached skill level 5 in Shields
  2299 | D:4      | Reached XP level 6. HP: 27/38 MP: 6/6
  2413 | D:4      | Noticed a necrophage
  2431 | D:4      | Killed a necrophage
  2455 | D:4      | Reached XP level 7. HP: 19/44 MP: 7/7
  2819 | D:4      | Found a hazy altar of Hepliaklqana.
  3084 | D:5      | Entered Level 5 of the Dungeon
  3474 | D:5      | Reached skill level 6 in Shields
  3784 | D:5      | Reached skill level 5 in Fighting
  3912 | D:5      | Reached skill level 5 in Axes
  3912 | D:5      | Reached skill level 5 in Armour
  3912 | D:5      | Reached XP level 8. HP: 43/49 MP: 8/8
  4021 | D:5      | Found a staircase to the Ecumenical Temple.
  4030 | Temple   | Entered the Ecumenical Temple
  4196 | D:5      | Reached skill level 7 in Shields
  4475 | D:6      | Found Ebiarorify's Armour Boutique.
  4569 | D:6      | Found Damecici's General Store.
  4954 | D:6      | Found Woduf's Weapon Boutique.
  4962 | D:6      | Noticed Menkaure
  4975 | D:6      | Killed Menkaure
  5017 | D:6      | Reached XP level 9. HP: 55/55 MP: 9/9
  5308 | D:6      | Found a snail-covered altar of Cheibriados.
  5671 | D:6      | Found a runed translucent door.
  5672 | D:6      | Noticed Crazy Yiuf
  5685 | D:6      | Killed Crazy Yiuf
  5686 | D:6      | Reached skill level 8 in Shields
  6246 | D:7      | Found Kamoif's Weapon Shop.
  7348 | D:8      | Noticed Joseph
  7554 | D:8      | Noticed Maurice
  7586 | D:8      | Noticed Maurice
  7586 | D:8      | Maurice changed into Maurice the rime drake
  7605 | D:8      | Killed Maurice the rime drake
  7606 | D:8      | Reached skill level 9 in Shields
  7894 | D:8      | HP: 2/56 [gnoll (4)]
  7913 | D:8      | Killed Joseph
  7914 | D:8      | Reached XP level 10. HP: 26/63 MP: 10/10
  8244 | D:8      | Noticed Pikel
  8277 | D:8      | Killed Pikel
  8413 | D:8      | Identified the +5 dagger of Certain Death {drain, *Rage
                  | rPois Dex+3 SInv}
  8550 | D:8      | Found a hide-covered altar of Uskayaw.
  8558 | D:8      | Noticed a +0 hand axe
  8559 | D:8      | Noticed a +0 hand axe
  8658 | D:8      | Reached skill level 10 in Shields
  8808 | D:9      | Found a blossoming altar of Fedhas.
  8826 | D:9      | Noticed Psyche
  8862 | D:9      | Killed Psyche
  9616 | D:9      | Noticed a two-headed ogre
  9625 | D:9      | Killed a two-headed ogre
  9938 | D:9      | Noticed Grum
  9982 | D:9      | Reached XP level 11. HP: 62/68 MP: 11/11
  9992 | D:9      | Found a staircase to the Lair.
 10010 | D:9      | Reached skill level 11 in Shields
 10084 | D:9      | Found a glowing silver altar of Zin.
 10228 | D:9      | Killed Grum
 10447 | D:10     | Entered Level 10 of the Dungeon
 10607 | D:10     | Found an iron altar of Okawaru.
 10607 | D:10     | Found a burning altar of Makhleb.
 10615 | D:10     | Became a worshipper of Warmaster Okawaru
 10787 | D:10     | Noticed a soul eater
 10796 | D:10     | Noticed a soul eater
 10810 | D:10     | Reached * piety under Okawaru
 10962 | Lair:1   | Entered Level 1 of the Lair of Beasts
 11114 | D:10     | Found a sacrificial altar of Ru.
 11534 | D:10     | Found a large runed translucent door.
 11534 | D:10     | Found a large runed translucent door.
 11745 | D:10     | Paralysed by an air elemental for 1 turns
 11755 | D:10     | Paralysed by an air elemental for 1 turns
 11755 | D:10     | HP: 3/103 [fire elemental (3)]
 11756 | D:10     | Slain by an air elemental

Illustrated notes

Levels and vault maps discovered:
D:1:      minmay_arrival_stair_chambers, layout_basic
D:2:      layout_rooms, basic_altar, uniq_terence
D:3:      layout_basic, serial_shops, shop
D:4:      layout_cave_pools, worldfamousw_hep_ancestral_shrine,
          hangedman_decor_opposing, abandoned_shop
D:5:      layout_cave_pools, minmay_temple_entry_statues_pillars,
          minmay_misc_feat_cross, minmay_mini_ossuary
D:6:      layout_layer_cave, amcnicky_altar_gilded, serial_shops,
          kennysheep_mini, shop, shop, kennysheep_cross_room, fountainhead,
          kennysheep_generic_room_16, uniq_crazy_yiuf_cottage, uniq_menkaure
D:7:      layout_loops_corners, serial_shops, kennysheep_mini_moat,
          roderic_roman_lattice
D:8:      layout_rooms, dancing_weapons_uskayaw, uniq_maurice, uniq_pikel,
          uniq_joseph
D:9:      layout_grid_maze, zin_statuary, mainiacjoe_overflow_alcove_4,
          minmay_lair_entry_grove, uniq_grum, uniq_psyche
D:10:     layout_loops_cross, nicolae_ru_the_path_less_chosen,
          chequers_temple_overflow_statue_of_worship, lightli_elemental_guards
Temple:   zaba_magenta_temple
Lair:1:   layout_chaotic_city, gammafunk_ghost_arena

Skill      XL: |  1  2  3  4  5  6  7  8  9 10 11 |
---------------+----------------------------------+-----
Axes           | 2 3 4 5 6 7 8 9 |  9.6
Shields        | 4 5 6 7 9 10 11 | 11.6
Fighting       | 4 5 7 8 |  8.5
Armour         | 4 5 7 8 |  8.5

Action                   |  1- 3 |  4- 6 |  7- 9 | 10-12 || total
-------------------------+-------+-------+-------+-------++-------
Melee: War axe           |    78 |   247 |   425 |   400 ||  1150
Throw: Dart              |     3 |       |       |       ||     3
Evoke: Wand              |       |       |     5 |    14 ||    19
  Use: Scroll            |     1 |     1 |     5 |     4 ||    11
       Potion            |       |       |     5 |     3 ||     8
Armor: Scale mail        |    48 |   195 |   196 |   218 ||   657
       Skin              |       |       |       |     5 ||     5
Dodge: Dodged            |    24 |    84 |   127 |   120 ||   355
Block: Kite shield       |    47 |   163 |   248 |   282 ||   740
